 Dungeon Crawl Stone Soup version 0.17.1-3-g152610e (webtiles) character file.

410 GFox the Ruffian (level 6, -4/56 HPs)
             Began as a Minotaur Monk on Mar 29, 2016.
             Slain by an ogre
             ... wielding a +0 giant club
              (14 damage)
             ... on level 4 of the Dungeon.
             The game lasted 00:21:57 (3266 turns).

GFox the Ruffian (Minotaur Monk)                    Turns: 3266, Time: 00:21:57

Health: -4/56      AC: 15    Str: 18      XL:     6   Next: 58%
Magic:  5/5        EV: 13    Int:  6 (7)  God:
Gold:   174        SH:  0    Dex: 17      Spells: 0 memorised, 5 levels left

rFire  . . .     SeeInvis .     c - +0 dagger (vamp)
rCold  . . .     Clarity  .     e - +0 plate armour
rNeg   + . .     SustAt   .     (no shield)
rPois  .         Gourm    .     (helmet restricted)
rElec  .         Spirit   .     d - +1 cloak
rCorr  .         Warding  .     (no gloves)
rMut   .         Stasis   .     t - +0 pair of boots
MR     .....                    (no amulet)
Stlth  ..........               f - ring of flight
                                i - ring of positive energy

@: agile, not resistant to hostile enchantments, extremely unstealthy
A: retaliatory headbutt, horns 2
a: Evoke Flight


You were on level 4 of the Dungeon.
You were not hungry.

You visited 1 branch of the dungeon, and saw 4 of its levels.

You collected 174 gold pieces.

Inventory:

Hand Weapons
 c - a +0 vampiric dagger (weapon)
Missiles
 g - 4 silver javelins (quivered)
Armour
 d - a +1 cloak (worn)
 e - a +0 plate armour (worn)
 t - a +0 pair of boots (worn)
 v - the cursed +0 scale mail of the Townfolk {*Confuse Int+3 Dex+4 Stlth+, unknown}
   (You found it on level 4 of the Dungeon)

   It affects your intelligence (+3).
   It affects your dexterity (+4).
   It may confuse you when you take damage.
   It makes you more stealthy.
   It has a curse placed upon it.
Jewellery
 f - a ring of flight (right hand)
 i - a ring of positive energy (left hand)
Scrolls
 m - a scroll of enchant armour
 n - 2 scrolls of teleportation
Potions
 s - 2 potions of might {unknown}
Books
 k - Sif Muna's Papyrus of Snow
   (You found it on level 3 of the Dungeon)

   Spells                             Type                      Level
   a - Freeze                         Ice                          1
Comestibles
 a - a royal jelly
 b - 3 bread rations
 h - 2 meat rations
 j - a fruit
 l - a chunk of flesh
 p - a beef jerky


   Skills:
 + Level 5.0 Fighting
 + Level 0.7 Short Blades
 + Level 3.9 Armour
 + Level 5.0 Dodging
 + Level 1.9 Stealth
 + Level 5.7 Unarmed Combat
 + Level 0.1 Evocations


You had 5 spell levels left.
You didn't know any spells.

Dungeon Overview and Level Annotations

Branches:
Dungeon (4/15)             Temple (0/1) D:4

Altars:
Dithmenos
Sif Muna
The Shining One


Innate Abilities, Weirdness & Mutations

You reflexively headbutt those who attack you in melee.
You have a pair of horns on your head.


Message History

The ogre is heavily wounded.
You hit the ogre. Your headbutt misses the ogre.
The ogre is heavily wounded.
The ogre hits you with a giant club!!
You hit the ogre.
You feel better.
You headbutt the ogre.
The ogre is heavily wounded.
The ogre hits you with a giant club!
You hit the ogre but do no damage.
You headbutt the ogre, but do no damage.
The ogre is heavily wounded.
The ogre hits you with a giant club!
* * * LOW HITPOINT WARNING * * *
You hit the ogre but do no damage.
You headbutt the ogre, but do no damage.
The ogre is heavily wounded.
Drink which item? (? for menu, Esc to quit)
It was a potion of agility.
You feel agile all of a sudden. The ogre hits you with a giant club!
You die...

**,,,,##..#*,**,*** *,,,,,,,,,
,,,**,.....,,**,**###***,***,,,,,
**,***#...#****,*#...,,*,* *,,,,,
**,* #...##***,*...,,,.,* *,,,>,
**,* #....,,,<,*..#**..,* ******
**,* #...#******..#,...,* ,,,*
#...# *..#.#..** **** #...#
##.......********
#######..<######@O......**,,<,,*
..................##.#..**,,,,,*
..................#,,*,,,,,,,,,*
...................#,*,,**,,,,,*
#######...######..#.#*,,**,,,,,*
* #...# #......,,,******* * #...#
##......*,* * #...# *,.......,* *
#...# *,##.#.##** **


You could see an ogre.

Vanquished Creatures
  Sigmund (D:2)
  4 orc wizards (D:3)
  A worker ant (D:3)
  3 adders
  An ooze (D:1)
  A worm (D:2)
  A giant gecko (D:3)
  11 orcs (D:3)
  A ball python (D:3)
  5 bats
  A giant cockroach (D:1)
  6 goblins
  11 hobgoblins
  11 kobolds
  2 quokkas
  3 giant newts
  5 jackals (D:2)
  4 rats
72 creatures vanquished.

Notes
Turn   | Place    | Note
--------------------------------------------------------------
     0 | D:1      | GFox the Minotaur Monk began the quest for the Orb.
     0 | D:1      | Reached XP level 1. HP: 19/19 MP: 0/0
   385 | D:1      | Reached XP level 2. HP: 26/26 MP: 1/1
   604 | D:1      | Reached skill level 5 in Unarmed Combat
   913 | D:2      | Reached XP level 3. HP: 33/33 MP: 2/2
  1035 | D:2      | Noticed Sigmund
  1056 | D:2      | Killed Sigmund
  1056 | D:2      | Reached XP level 4. HP: 19/41 MP: 3/3
  1056 | D:2      | Reached XP level 5. HP: 21/47 MP: 4/4
  1334 | D:2      | Found a glowing golden altar of the Shining One.
  1537 | D:2      | Found a shadowy altar of Dithmenos.
  1999 | D:3      | Found a deep blue altar of Sif Muna.
  2025 | D:3      | Reached XP level 6. HP: 39/55 MP: 5/5
  2226 | D:3      | Identified Sif Muna's Papyrus of Snow
  2491 | D:3      | Reached skill level 5 in Fighting
  2742 | D:3      | Reached skill level 5 in Dodging
  3252 | D:4      | Got a heavily runed scale mail
  3266 | D:4      | Slain by an ogre

Action                   |  1- 3 |  4- 6 || total
-------------------------+-------+-------++-------
Melee: Unarmed           |    30 |       ||    30
       Dagger            |    42 |   169 ||   211
 Abil: Evoke Flight      |       |     1 ||     1
  Use: Scroll            |     2 |     6 ||     8
       Potion            |       |     4 ||     4
  Eat: Bread ration      |     1 |     1 ||     2
       Chunk             |       |     7 ||     7
